[Event "Carnaval"]
[Site "Quebec CAN"]
[Date "2017.02.19"]
[Round "5"]
[White "Lesiege, Alexandre"]
[Black "Horton, Joe"]
[Result "1-0"]
[ECO "A41"]
[WhiteElo "2585"]
[BlackElo "2356"]
[PlyCount "62"]
[EventDate "2017.02.17"]
[EventType "swiss"]
[EventRounds "5"]
[EventCountry "CAN"]
[TimeControl "900+2"]

1. d4 g6 2. c4 Bg7 3. Nf3 d6 4. g3 c5 5. Bg2 Nc6 6. d5 Nd4 7. Nxd4 Bxd4 8. O-O
Bg7 9. Nc3 Nf6 10. Bf4 O-O 11. e4 Nd7 12. Qe2 Rb8 13. a4 Ra8 14. h3 Qa5 15. Bd2
Qd8 16. f4 e6 17. dxe6 fxe6 18. Be3 Bd4 19. Nb5 Bxe3+ 20. Qxe3 Nb6 21. b3 a6
22. Nc3 Bd7 23. Rad1 Qe7 24. Qd2 Qg7 25. e5 dxe5 26. a5 exf4 27. axb6 fxg3 28.
Rxf8+ Rxf8 29. Qxd7 Qxc3 30. Qxe6+ Kh8 31. Qe7 Qf6 1-0